[ AOE2 MATCH · #460935530 ]
UnrankedChinese vs Berbers
[ REPLAY ANALYSIS · EXTRACTED FROM THE RECORDED GAME ]
Feudal
9:03
Castle
23:06
Imperial
—
| APM avg | 46.8 |
| APM peak | 69 |
| eAPM avg | 21.0 |
| Villagers / military | 42 / 18 |
Focus
⚔️ 24.7% · 🌾 75.3%
Scout Cavalry ×15 · Knight ×3
Feudal
8:27
Castle
21:31
Imperial
—
| APM avg | 60.2 |
| APM peak | 96 |
| eAPM avg | 26.2 |
| Villagers / military | 47 / 47 |
Focus
⚔️ 36.8% · 🌾 63.2%
Archer ×46 · Spearman ×1
Feudal
9:18
Castle
—
Imperial
—
| APM avg | 54.0 |
| APM peak | 73 |
| eAPM avg | 16.7 |
| Villagers / military | 45 / 30 |
Focus
⚔️ 22.5% · 🌾 77.5%
Scout Cavalry ×29 · Spearman ×1
Feudal
9:00
Castle
22:36
Imperial
—
| APM avg | 63.0 |
| APM peak | 101 |
| eAPM avg | 20.4 |
| Villagers / military | 42 / 38 |
Focus
⚔️ 28.0% · 🌾 72.0%
Archer ×38
Feudal
8:51
Castle
—
Imperial
—
| APM avg | 63.2 |
| APM peak | 80 |
| eAPM avg | 27.8 |
| Villagers / military | 62 / 29 |
Focus
⚔️ 35.4% · 🌾 64.6%
Scout Cavalry ×29
Feudal
9:19
Castle
—
Imperial
—
| APM avg | 54.4 |
| APM peak | 94 |
| eAPM avg | 23.9 |
| Villagers / military | 67 / 46 |
Focus
⚔️ 32.6% · 🌾 67.4%
Archer ×46
Feudal
9:04
Castle
—
Imperial
—
| APM avg | 37.9 |
| APM peak | 66 |
| eAPM avg | 17.0 |
| Villagers / military | 44 / 22 |
Focus
⚔️ 46.8% · 🌾 53.2%
Scout Cavalry ×20 · Spearman ×2
Feudal
10:01
Castle
—
Imperial
—
| APM avg | 50.8 |
| APM peak | 87 |
| eAPM avg | 21.9 |
| Villagers / military | 55 / 15 |
Focus
⚔️ 49.3% · 🌾 50.7%
Scout Cavalry ×15
Match map
Initial resources + every placement click. Lines = walls · curves = elevation contours. ◆ gold · ⬟ stone · ● berries · ✦ relic · ◌ wall gap
Your base· ✓ Closed at 23:06 · 51t walls · 1 gate(s)
Mooz's base· ✓ Closed at 21:31 · 31t walls · no gate
J_'s base· Open — unwalled flank
Ice's base· ✓ Closed at 22:36 · 35t walls · 1 gate(s)
Tiger's base· Open — unwalled flank
JuTT's base· ✓ Closed at 22:40 · 42t walls · 1 gate(s)
kitchiro's base· ✓ Closed at 21:57 · 25t walls · no gate
Diabo38's base· Open — unwalled flank
Smoothed initial terrain · ◌ = detected wall gap · hover for details
Inputs per minute
— helicol - - Mooz
Build order — helicol
135 actions detected in the replay
| 0:02 | Research | Loom |
| 0:46 | Create | Villager (Male) |
| 1:12 | Create | Villager (Male) |
| 1:35 | Create | Villager (Male) |
| 1:44 | Build | Lumber Camp |
| 2:03 | Create | Villager (Male) |
| 2:29 | Create | Villager (Male) |
| 3:04 | Create | Villager (Male) |
| 3:20 | Create | Villager (Male) |
| 3:25 | Build | House |
| 3:40 | Create | Villager (Male) |
| 4:05 | Create | Villager (Male) |
| 4:05 | Create | Villager (Male) |
| 4:23 | Build | House |
| 4:55 | Build | Mill |
| 4:59 | Create | Villager (Male) |
| 5:16 | Create | Villager (Male) |
| 5:16 | Create | Villager (Male) |
| 5:43 | Create | Villager (Male) |
| 6:53 | Research | Feudal Age |
| 7:07 | Build | Lumber Camp |
| 7:47 | Create | Villager (Male) |
| 8:09 | Build | Barracks |
| 8:44 | Build | House |
| 8:49 | Build | Palisade Wall |
| 9:03 | Age | Feudal Age |
| 9:10 | Build | Stable |
| 9:18 | Create | Villager (Male) |
| 9:25 | Build | Palisade Wall |
| 9:43 | Create | Villager (Male) |
| 9:44 | Create | Villager (Male) |
| 9:52 | Create | Scout Cavalry |
| 9:53 | Create | Scout Cavalry |
| 9:56 | Build | House |
| 10:07 | Build | Farm |
| 10:19 | Research | Horse Collar |
| 10:26 | Build | House |
| 10:27 | Build | Palisade Wall |
| 10:32 | Create | Scout Cavalry |
| 10:33 | Create | Villager (Male) |
| 10:57 | Create | Scout Cavalry |
| 10:58 | Create | Villager (Male) |
| 11:24 | Create | Villager (Male) |
| 11:29 | Build | Farm |
| 11:30 | Build | Farm |
| 11:35 | Create | Scout Cavalry |
| 11:52 | Create | Scout Cavalry |
| 11:58 | Create | Villager (Male) |
| 12:19 | Create | Villager (Male) |
| 12:20 | Build | Farm |
| 12:21 | Build | Farm |
| 12:22 | Build | Farm |
| 12:23 | Build | House |
| 12:31 | Create | Scout Cavalry |
| 12:33 | Create | Villager (Male) |
| 12:34 | Build | Farm |
| 12:38 | Build | Palisade Wall |
| 12:41 | Build | Palisade Wall |
| 12:55 | Create | Scout Cavalry |
| 13:19 | Create | Villager (Male) |
| 13:21 | Build | Farm |
| 13:22 | Build | Farm |
| 13:23 | Build | Farm |
| 13:38 | Create | Villager (Male) |
| 13:54 | Build | Farm |
| 13:58 | Build | Farm |
| 14:00 | Build | Farm |
| 14:01 | Create | Villager (Male) |
| 14:06 | Create | Scout Cavalry |
| 14:12 | Build | House |
| 14:13 | Build | House |
| 14:15 | Build | Palisade Wall |
| 14:22 | Create | Villager (Male) |
| 14:31 | Create | Villager (Male) |
| 14:35 | Build | Blacksmith |
| 14:41 | Create | Villager (Male) |
| 15:11 | Create | Villager (Male) |
| 15:19 | Create | Scout Cavalry |
| 15:35 | Build | Farm |
| 15:36 | Build | Farm |
| 15:39 | Build | Farm |
| 15:43 | Create | Scout Cavalry |
| 15:48 | Create | Villager (Male) |
| 16:02 | Build | Farm |
| 16:03 | Build | Farm |
| 16:08 | Create | Scout Cavalry |
| 16:14 | Build | House |
| 16:17 | Build | House |
| 16:18 | Build | House |
| 16:26 | Create | Villager (Male) |
| 16:31 | Create | Scout Cavalry |
| 16:45 | Build | Lumber Camp |
| 17:03 | Create | Villager (Male) |
| 17:08 | Build | House |
| 17:08 | Build | Palisade Wall |
| 17:12 | Build | Palisade Gate |
| 17:14 | Build | Mining Camp |
| 17:23 | Create | Scout Cavalry |
| 17:23 | Create | Scout Cavalry |
| 17:28 | Create | Villager (Male) |
| 17:30 | Build | House |
| 17:31 | Build | House |
| 17:56 | Create | Villager (Male) |
| 17:56 | Create | Villager (Male) |
| 17:57 | Create | Villager (Male) |
| 18:11 | Build | Farm |
| 18:12 | Build | Farm |
| 18:46 | Create | Villager (Male) |
| 18:48 | Build | House |
| 18:50 | Research | Wheelbarrow |
| 18:54 | Build | Farm |
| 18:58 | Build | Farm |
| 18:59 | Build | Farm |
| 19:37 | Build | House |
| 19:38 | Build | House |
| 19:50 | Build | Stable |
| 19:51 | Research | Gold Mining |
| 20:17 | Research | Castle Age |
| 20:35 | Research | Scale Barding Armor |
| 21:06 | Research | Bloodlines |
| 21:15 | Build | Palisade Wall |
| 21:21 | Research | Forging |
| 21:29 | Build | House |
| 21:31 | Research | Double-Bit Axe |
| 21:35 | Create | Villager (Male) |
| 21:37 | Build | Lumber Camp |
| 22:45 | Create | Villager (Male) |
| 23:06 | Age | Castle Age |
| 23:09 | Create | Knight |
| 23:10 | Create | Knight |
| 23:10 | Create | Knight |
| 23:15 | Research | Chain Barding Armor |
| 23:17 | Build | Town Center |
| 23:18 | Create | Villager (Male) |
| 23:22 | Build | Town Center |
Build order — Mooz
First 150 of 155 actions detected
| 0:00 | Create | Villager (Male) |
| 0:01 | Create | Villager (Male) |
| 0:01 | Build | House |
| 0:03 | Build | House |
| 0:09 | Create | Villager (Male) |
| 0:09 | Create | Villager (Male) |
| 1:29 | Create | Villager (Male) |
| 1:55 | Build | Lumber Camp |
| 2:03 | Create | Villager (Male) |
| 2:15 | Create | Villager (Male) |
| 2:28 | Create | Villager (Male) |
| 3:14 | Create | Villager (Male) |
| 3:22 | Create | Villager (Male) |
| 3:32 | Create | Villager (Male) |
| 3:43 | Create | Villager (Male) |
| 3:58 | Build | House |
| 4:04 | Create | Villager (Male) |
| 4:31 | Create | Villager (Male) |
| 5:06 | Build | Mining Camp |
| 5:26 | Research | Loom |
| 6:14 | Research | Feudal Age |
| 7:17 | Build | Barracks |
| 7:50 | Build | House |
| 7:55 | Build | Palisade Wall |
| 8:07 | Create | Villager (Male) |
| 8:27 | Age | Feudal Age |
| 8:28 | Build | Archery Range |
| 8:42 | Build | Archery Range |
| 8:54 | Create | Villager (Male) |
| 8:55 | Create | Villager (Male) |
| 8:58 | Create | Villager (Male) |
| 9:22 | Create | Villager (Male) |
| 9:26 | Create | Archer |
| 9:31 | Create | Villager (Male) |
| 9:33 | Create | Archer |
| 9:36 | Build | Blacksmith |
| 10:02 | Create | Archer |
| 10:08 | Create | Villager (Male) |
| 10:17 | Create | Archer |
| 10:20 | Build | House |
| 10:24 | Build | House |
| 10:41 | Create | Villager (Male) |
| 10:45 | Research | Fletching |
| 10:46 | Create | Villager (Male) |
| 10:49 | Build | House |
| 10:51 | Create | Villager (Male) |
| 10:52 | Build | House |
| 10:53 | Build | Palisade Wall |
| 10:53 | Build | Palisade Wall |
| 11:09 | Build | Mill |
| 11:24 | Create | Archer |
| 11:24 | Create | Archer |
| 11:27 | Create | Villager (Male) |
| 11:29 | Create | Archer |
| 11:29 | Create | Archer |
| 12:05 | Create | Archer |
| 12:06 | Create | Archer |
| 12:10 | Create | Villager (Male) |
| 12:17 | Build | House |
| 12:18 | Build | Palisade Wall |
| 12:19 | Create | Villager (Male) |
| 12:26 | Create | Archer |
| 12:26 | Create | Archer |
| 12:31 | Create | Spearman |
| 12:46 | Create | Archer |
| 13:05 | Create | Villager (Male) |
| 13:06 | Create | Villager (Male) |
| 13:28 | Create | Villager (Male) |
| 13:32 | Build | House |
| 13:34 | Build | Palisade Wall |
| 13:42 | Create | Archer |
| 13:43 | Create | Archer |
| 13:43 | Create | Villager (Male) |
| 13:52 | Create | Villager (Male) |
| 13:55 | Build | Farm |
| 13:57 | Build | Farm |
| 13:59 | Build | Farm |
| 14:01 | Create | Archer |
| 14:10 | Build | House |
| 14:11 | Build | Palisade Wall |
| 14:19 | Create | Archer |
| 14:19 | Create | Archer |
| 14:19 | Create | Villager (Male) |
| 14:32 | Build | Farm |
| 14:36 | Create | Archer |
| 14:36 | Create | Archer |
| 14:41 | Build | Farm |
| 14:46 | Build | Farm |
| 14:58 | Build | Palisade Wall |
| 15:11 | Create | Archer |
| 15:12 | Create | Archer |
| 15:12 | Create | Villager (Male) |
| 15:34 | Build | Farm |
| 15:35 | Create | Villager (Male) |
| 15:40 | Create | Archer |
| 15:57 | Build | House |
| 16:02 | Build | Farm |
| 16:04 | Create | Villager (Male) |
| 16:27 | Create | Villager (Male) |
| 16:37 | Create | Archer |
| 16:37 | Create | Archer |
| 16:43 | Build | Farm |
| 16:45 | Build | Farm |
| 16:46 | Create | Villager (Male) |
| 16:59 | Create | Villager (Male) |
| 17:27 | Build | Farm |
| 17:29 | Build | Farm |
| 17:41 | Build | Palisade Wall |
| 17:59 | Create | Villager (Male) |
| 18:06 | Build | Market |
| 18:43 | Create | Villager (Male) |
| 18:51 | Research | Castle Age |
| 18:51 | Research | Castle Age |
| 18:51 | Research | Castle Age |
| 19:09 | Create | Archer |
| 19:09 | Create | Archer |
| 19:18 | Build | Lumber Camp |
| 19:26 | Research | Double-Bit Axe |
| 19:28 | Research | Horse Collar |
| 19:40 | Create | Archer |
| 19:40 | Create | Archer |
| 19:48 | Create | Archer |
| 20:23 | Create | Archer |
| 20:23 | Create | Archer |
| 20:35 | Create | Archer |
| 20:36 | Create | Archer |
| 20:48 | Create | Villager (Male) |
| 20:59 | Research | Padded Archer Armor |
| 21:05 | Create | Archer |
| 21:06 | Create | Archer |
| 21:11 | Build | House |
| 21:11 | Build | House |
| 21:12 | Build | House |
| 21:12 | Build | House |
| 21:31 | Age | Castle Age |
| 21:32 | Research | Crossbowman (upgrade) |
| 21:36 | Research | Bodkin Arrow |
| 21:36 | Research | Bodkin Arrow |
| 21:41 | Build | University |
| 21:45 | Create | Archer |
| 21:51 | Create | Archer |
| 21:51 | Create | Archer |
| 22:22 | Create | Villager (Male) |
| 22:23 | Create | Archer |
| 22:23 | Create | Archer |
| 22:40 | Create | Archer |
| 22:40 | Create | Archer |
| 22:40 | Create | Archer |
| 22:48 | Create | Villager (Male) |
| 22:49 | Create | Villager (Male) |
Build order — J_
146 actions detected in the replay
| 0:00 | Create | Villager (Male) |
| 0:01 | Create | Villager (Male) |
| 0:02 | Build | House |
| 0:02 | Build | House |
| 0:06 | Create | Villager (Male) |
| 0:06 | Create | Villager (Male) |
| 1:24 | Create | Villager (Male) |
| 1:50 | Build | Lumber Camp |
| 1:59 | Create | Villager (Male) |
| 2:15 | Create | Villager (Male) |
| 2:57 | Create | Villager (Male) |
| 3:00 | Create | Villager (Male) |
| 3:11 | Build | House |
| 3:38 | Create | Villager (Male) |
| 3:50 | Create | Villager (Male) |
| 3:59 | Create | Villager (Male) |
| 4:00 | Create | Villager (Male) |
| 4:53 | Create | Villager (Male) |
| 4:53 | Create | Villager (Male) |
| 4:55 | Create | Villager (Male) |
| 5:05 | Create | Villager (Male) |
| 5:05 | Create | Villager (Male) |
| 5:35 | Build | Mill |
| 5:40 | Build | House |
| 6:19 | Create | Villager (Male) |
| 6:19 | Create | Villager (Male) |
| 6:43 | Create | Villager (Male) |
| 7:05 | Research | Feudal Age |
| 7:06 | Research | Feudal Age |
| 7:49 | Build | Barracks |
| 8:47 | Build | House |
| 9:18 | Create | Villager (Male) |
| 9:18 | Age | Feudal Age |
| 9:21 | Build | Stable |
| 9:30 | Research | Double-Bit Axe |
| 9:31 | Create | Villager (Male) |
| 9:37 | Create | Villager (Male) |
| 9:43 | Research | Loom |
| 9:50 | Create | Villager (Male) |
| 9:59 | Create | Scout Cavalry |
| 9:59 | Create | Scout Cavalry |
| 10:03 | Build | Palisade Wall |
| 10:07 | Create | Villager (Male) |
| 10:27 | Build | Palisade Wall |
| 10:32 | Research | Horse Collar |
| 10:46 | Create | Villager (Male) |
| 10:50 | Create | Scout Cavalry |
| 10:57 | Build | Lumber Camp |
| 10:58 | Create | Villager (Male) |
| 11:02 | Create | Villager (Male) |
| 11:05 | Build | House |
| 11:22 | Create | Scout Cavalry |
| 11:59 | Create | Scout Cavalry |
| 12:00 | Create | Villager (Male) |
| 12:04 | Build | Farm |
| 12:05 | Build | Farm |
| 12:05 | Build | Farm |
| 12:05 | Build | Farm |
| 12:15 | Build | Palisade Wall |
| 12:24 | Create | Villager (Male) |
| 12:39 | Build | Farm |
| 12:41 | Build | Farm |
| 12:43 | Build | Farm |
| 12:45 | Build | Farm |
| 12:54 | Create | Scout Cavalry |
| 12:59 | Build | Farm |
| 13:20 | Create | Villager (Male) |
| 13:25 | Build | Blacksmith |
| 13:28 | Create | Scout Cavalry |
| 13:31 | Build | House |
| 13:34 | Build | House |
| 14:04 | Create | Villager (Male) |
| 14:12 | Build | Palisade Wall |
| 14:21 | Build | Palisade Wall |
| 14:25 | Create | Villager (Male) |
| 14:26 | Build | Mining Camp |
| 14:28 | Create | Scout Cavalry |
| 14:28 | Create | Scout Cavalry |
| 14:39 | Create | Villager (Male) |
| 14:44 | Build | Palisade Wall |
| 14:57 | Build | Farm |
| 14:58 | Build | Farm |
| 15:15 | Create | Villager (Male) |
| 15:21 | Create | Scout Cavalry |
| 15:37 | Build | Farm |
| 15:48 | Create | Scout Cavalry |
| 15:53 | Research | Bloodlines |
| 15:56 | Create | Villager (Male) |
| 16:00 | Build | Farm |
| 16:01 | Build | Farm |
| 16:10 | Build | Farm |
| 16:13 | Build | Farm |
| 16:14 | Build | Farm |
| 16:21 | Create | Villager (Male) |
| 16:26 | Create | Scout Cavalry |
| 16:31 | Build | Farm |
| 16:36 | Build | House |
| 17:16 | Create | Villager (Male) |
| 17:17 | Create | Scout Cavalry |
| 17:42 | Build | Stable |
| 17:48 | Research | Scale Barding Armor |
| 17:49 | Research | Forging |
| 17:51 | Create | Villager (Male) |
| 17:56 | Create | Spearman |
| 18:02 | Create | Villager (Male) |
| 18:07 | Build | House |
| 18:10 | Build | House |
| 18:18 | Create | Scout Cavalry |
| 18:39 | Create | Scout Cavalry |
| 18:44 | Build | House |
| 18:46 | Build | House |
| 18:55 | Build | House |
| 19:02 | Create | Scout Cavalry |
| 19:04 | Create | Villager (Male) |
| 19:05 | Build | Farm |
| 19:13 | Build | House |
| 19:24 | Create | Scout Cavalry |
| 19:29 | Build | Farm |
| 19:32 | Build | Farm |
| 19:38 | Create | Scout Cavalry |
| 19:42 | Build | Farm |
| 19:50 | Create | Villager (Male) |
| 20:03 | Create | Scout Cavalry |
| 20:22 | Create | Scout Cavalry |
| 20:26 | Build | Market |
| 20:28 | Create | Scout Cavalry |
| 20:39 | Create | Scout Cavalry |
| 20:42 | Build | Farm |
| 20:43 | Create | Villager (Male) |
| 20:46 | Build | House |
| 20:47 | Build | House |
| 20:48 | Build | House |
| 20:49 | Build | House |
| 21:02 | Create | Scout Cavalry |
| 21:10 | Create | Scout Cavalry |
| 21:10 | Create | Scout Cavalry ×2 |
| 21:11 | Create | Scout Cavalry |
| 21:20 | Create | Villager (Male) |
| 21:27 | Build | House |
| 21:29 | Build | House |
| 21:36 | Create | Scout Cavalry |
| 21:43 | Build | Palisade Gate |
| 21:45 | Create | Scout Cavalry |
| 22:30 | Build | House |
| 22:30 | Build | House |
| 22:44 | Build | Farm |
Build order — Ice
134 actions detected in the replay
| 0:00 | Create | Villager (Male) |
| 0:02 | Build | House |
| 0:03 | Build | House |
| 0:10 | Create | Villager (Male) |
| 0:10 | Create | Villager (Male) |
| 0:10 | Create | Villager (Male) |
| 1:26 | Create | Villager (Male) |
| 1:45 | Build | Lumber Camp |
| 2:00 | Create | Villager (Male) |
| 2:27 | Create | Villager (Male) |
| 2:49 | Create | Villager (Male) |
| 3:27 | Create | Villager (Male) |
| 3:27 | Create | Villager (Male) |
| 4:02 | Create | Villager (Male) |
| 4:32 | Build | House |
| 4:33 | Build | House |
| 4:41 | Create | Villager (Male) |
| 4:41 | Create | Villager (Male) |
| 4:42 | Create | Villager (Male) |
| 4:42 | Create | Villager (Male) |
| 5:30 | Build | Mining Camp |
| 5:59 | Research | Loom |
| 6:50 | Research | Feudal Age |
| 8:06 | Build | Barracks |
| 8:24 | Build | House |
| 8:27 | Create | Villager (Male) |
| 8:42 | Create | Villager (Male) |
| 9:00 | Age | Feudal Age |
| 9:09 | Build | Archery Range |
| 9:16 | Build | Archery Range |
| 9:49 | Create | Villager (Male) |
| 10:04 | Build | Blacksmith |
| 10:11 | Create | Archer |
| 10:14 | Create | Villager (Male) |
| 10:29 | Create | Archer |
| 10:29 | Create | Archer |
| 10:31 | Create | Archer |
| 10:39 | Create | Villager (Male) |
| 10:44 | Build | House |
| 10:46 | Build | Palisade Wall |
| 10:48 | Create | Archer |
| 10:57 | Create | Archer |
| 11:28 | Research | Fletching |
| 11:45 | Build | Mill |
| 11:48 | Create | Archer |
| 12:12 | Create | Archer |
| 12:15 | Create | Villager (Male) |
| 12:22 | Build | Palisade Gate |
| 12:30 | Create | Villager (Male) |
| 12:42 | Create | Archer |
| 12:46 | Build | Farm |
| 12:48 | Build | Farm |
| 12:56 | Build | Farm |
| 13:00 | Create | Archer |
| 13:10 | Create | Villager (Male) |
| 13:13 | Build | House |
| 13:14 | Build | House |
| 13:17 | Create | Archer |
| 13:40 | Create | Archer |
| 13:48 | Create | Villager (Male) |
| 13:53 | Create | Villager (Male) |
| 14:07 | Create | Archer |
| 14:11 | Build | Farm |
| 14:11 | Create | Villager (Male) |
| 14:13 | Build | Farm |
| 14:18 | Create | Archer |
| 14:47 | Create | Archer |
| 14:57 | Create | Archer |
| 14:58 | Create | Villager (Male) |
| 15:02 | Build | House |
| 15:03 | Build | Palisade Wall |
| 15:07 | Build | Palisade Wall |
| 15:11 | Build | Farm |
| 15:12 | Create | Villager (Male) |
| 15:15 | Build | House |
| 15:17 | Build | House |
| 15:29 | Create | Archer |
| 15:31 | Create | Villager (Male) |
| 15:36 | Build | Farm |
| 15:40 | Create | Archer |
| 15:49 | Build | House |
| 16:00 | Build | House |
| 16:02 | Build | Palisade Wall |
| 16:04 | Build | Palisade Wall |
| 16:06 | Create | Archer |
| 16:09 | Create | Villager (Male) |
| 16:13 | Build | Palisade Wall |
| 16:17 | Build | Palisade Wall |
| 16:22 | Create | Archer |
| 16:31 | Create | Archer |
| 16:32 | Create | Villager (Male) |
| 16:43 | Build | Farm |
| 16:50 | Create | Archer |
| 17:17 | Create | Villager (Male) |
| 17:20 | Build | Farm |
| 17:23 | Build | Farm |
| 17:24 | Create | Villager (Male) |
| 17:39 | Create | Archer |
| 17:39 | Create | Archer |
| 18:06 | Create | Archer |
| 18:06 | Create | Villager (Male) |
| 18:20 | Create | Villager (Male) |
| 18:31 | Build | Farm |
| 18:33 | Create | Villager (Male) |
| 18:38 | Build | Market |
| 19:15 | Create | Archer |
| 19:16 | Create | Archer |
| 19:18 | Create | Villager (Male) |
| 19:28 | Build | House |
| 19:29 | Build | House |
| 19:38 | Create | Villager (Male) |
| 19:56 | Research | Castle Age |
| 20:37 | Create | Archer |
| 20:37 | Create | Archer |
| 20:48 | Create | Archer |
| 20:49 | Create | Archer |
| 20:49 | Create | Villager (Male) |
| 20:59 | Create | Archer |
| 21:12 | Create | Villager (Male) |
| 21:19 | Build | Archery Range |
| 21:38 | Research | Gold Mining |
| 21:40 | Research | Double-Bit Axe |
| 21:47 | Research | Horse Collar |
| 21:57 | Create | Archer |
| 21:57 | Create | Archer |
| 22:11 | Create | Archer |
| 22:17 | Create | Villager (Male) |
| 22:31 | Create | Archer |
| 22:36 | Age | Castle Age |
| 22:37 | Research | Bodkin Arrow |
| 22:49 | Research | Crossbowman (upgrade) |
| 22:56 | Create | Archer |
| 22:58 | Create | Villager (Male) |
| 23:01 | Create | Archer |
Build order — Tiger
First 150 of 171 actions detected
| 0:01 | Create | Villager (Male) |
| 0:01 | Create | Villager (Male) |
| 0:02 | Build | House |
| 0:03 | Build | House |
| 0:08 | Create | Villager (Male) |
| 0:08 | Create | Villager (Male) |
| 1:10 | Create | Villager (Male) |
| 1:45 | Create | Villager (Male) |
| 2:09 | Create | Villager (Male) |
| 2:10 | Build | Lumber Camp |
| 2:56 | Create | Villager (Male) |
| 3:12 | Create | Villager (Male) |
| 3:42 | Create | Villager (Male) |
| 3:42 | Create | Villager (Male) |
| 3:49 | Build | House |
| 3:53 | Create | Villager (Male) |
| 4:03 | Create | Villager (Male) |
| 4:23 | Create | Villager (Male) |
| 4:34 | Create | Villager (Male) |
| 4:34 | Create | Villager (Male) |
| 4:38 | Build | Mill |
| 4:59 | Create | Villager (Male) |
| 4:59 | Create | Villager (Male) |
| 4:59 | Create | Villager (Male) |
| 5:14 | Create | Villager (Male) |
| 5:39 | Research | Loom |
| 6:07 | Create | Villager (Male) |
| 6:37 | Research | Feudal Age |
| 6:37 | Research | Feudal Age |
| 7:55 | Build | Barracks |
| 7:58 | Build | Palisade Wall |
| 8:28 | Build | House |
| 8:47 | Create | Villager (Male) |
| 8:51 | Age | Feudal Age |
| 8:52 | Create | Villager (Male) |
| 9:10 | Build | Stable |
| 9:16 | Research | Double-Bit Axe |
| 9:30 | Create | Villager (Male) |
| 9:42 | Build | House |
| 10:09 | Create | Villager (Male) |
| 10:11 | Create | Scout Cavalry |
| 10:11 | Create | Scout Cavalry |
| 10:17 | Create | Scout Cavalry |
| 10:18 | Build | Blacksmith |
| 10:34 | Create | Villager (Male) |
| 10:50 | Create | Scout Cavalry |
| 10:53 | Build | Palisade Wall |
| 10:57 | Build | House |
| 10:59 | Build | Palisade Wall |
| 11:00 | Create | Scout Cavalry |
| 11:05 | Create | Villager (Male) |
| 11:07 | Research | Scale Barding Armor |
| 11:13 | Build | House |
| 11:14 | Build | Palisade Wall |
| 11:20 | Create | Scout Cavalry |
| 11:20 | Create | Villager (Male) |
| 11:21 | Create | Villager (Male) |
| 11:27 | Create | Villager (Male) |
| 11:34 | Create | Villager (Male) |
| 11:54 | Create | Villager (Male) |
| 12:01 | Create | Scout Cavalry |
| 12:06 | Build | Stable |
| 12:23 | Create | Villager (Male) |
| 12:27 | Create | Scout Cavalry |
| 12:33 | Build | House |
| 12:35 | Build | Farm |
| 12:38 | Build | Farm |
| 12:41 | Create | Scout Cavalry |
| 12:42 | Create | Scout Cavalry |
| 12:49 | Build | Farm |
| 12:50 | Create | Villager (Male) |
| 12:58 | Build | Palisade Wall |
| 13:03 | Create | Villager (Male) |
| 13:05 | Build | Farm |
| 13:05 | Create | Villager (Male) |
| 13:10 | Create | Villager (Male) |
| 13:17 | Create | Scout Cavalry |
| 13:33 | Create | Villager (Male) |
| 13:40 | Build | Farm |
| 13:49 | Build | House |
| 13:51 | Build | Palisade Wall |
| 13:55 | Build | Farm |
| 14:02 | Build | Watch Tower |
| 14:06 | Create | Villager (Male) |
| 14:10 | Create | Scout Cavalry |
| 14:14 | Build | Farm |
| 14:18 | Build | Farm |
| 14:22 | Build | Farm |
| 14:23 | Create | Villager (Male) |
| 14:33 | Build | Farm |
| 14:57 | Build | Palisade Wall |
| 15:00 | Build | Farm |
| 15:03 | Create | Scout Cavalry |
| 15:03 | Create | Scout Cavalry |
| 15:12 | Build | Farm |
| 15:14 | Build | Farm |
| 15:19 | Create | Villager (Male) |
| 15:23 | Build | Palisade Wall |
| 15:27 | Build | Farm |
| 15:53 | Create | Scout Cavalry |
| 16:01 | Build | Farm |
| 16:09 | Build | Lumber Camp |
| 16:13 | Create | Villager (Male) |
| 16:13 | Create | Villager (Male) |
| 16:37 | Create | Villager (Male) |
| 16:50 | Build | Farm |
| 16:54 | Build | Farm |
| 17:00 | Create | Villager (Male) |
| 17:06 | Build | Stable |
| 17:07 | Create | Villager (Male) |
| 17:24 | Build | Farm |
| 17:29 | Create | Scout Cavalry |
| 17:34 | Build | Farm |
| 17:35 | Build | Farm |
| 17:35 | Build | Farm |
| 17:35 | Build | Farm |
| 17:35 | Build | Farm |
| 17:35 | Build | Farm |
| 17:35 | Build | Farm |
| 17:36 | Build | Farm |
| 17:36 | Create | Villager (Male) |
| 17:40 | Build | Palisade Gate |
| 18:01 | Build | Farm |
| 18:03 | Create | Villager (Male) |
| 18:06 | Build | Palisade Wall |
| 18:29 | Create | Scout Cavalry |
| 18:39 | Create | Scout Cavalry |
| 18:45 | Build | Farm |
| 18:45 | Build | Farm |
| 18:46 | Build | Farm |
| 18:46 | Build | Farm |
| 18:51 | Create | Villager (Male) |
| 19:00 | Build | House |
| 19:01 | Build | House |
| 19:05 | Create | Scout Cavalry |
| 19:18 | Create | Villager (Male) |
| 19:36 | Build | Farm |
| 19:39 | Create | Scout Cavalry |
| 19:39 | Create | Scout Cavalry |
| 19:45 | Build | Market |
| 19:50 | Create | Villager (Male) |
| 19:58 | Create | Villager (Male) |
| 20:02 | Create | Villager (Male) |
| 20:07 | Build | Palisade Wall |
| 20:09 | Build | Palisade Wall |
| 20:18 | Create | Scout Cavalry |
| 20:35 | Create | Villager (Male) |
| 20:35 | Create | Scout Cavalry |
| 20:42 | Build | Palisade Wall |
| 21:01 | Create | Scout Cavalry |
Build order — JuTT
First 150 of 156 actions detected
| 0:01 | Create | Villager (Male) |
| 0:01 | Create | Villager (Male) |
| 0:02 | Create | Villager (Male) |
| 0:02 | Build | House |
| 0:03 | Build | House |
| 0:43 | Create | Villager (Male) |
| 1:25 | Create | Villager (Male) |
| 1:52 | Build | Lumber Camp |
| 1:54 | Create | Villager (Male) |
| 1:54 | Create | Villager (Male) |
| 2:22 | Create | Villager (Male) |
| 2:23 | Create | Villager (Male) |
| 2:46 | Create | Villager (Male) |
| 3:10 | Create | Villager (Male) |
| 3:10 | Create | Villager (Male) |
| 3:33 | Create | Villager (Male) |
| 3:34 | Create | Villager (Male) |
| 3:47 | Build | House |
| 4:06 | Create | Villager (Male) |
| 4:07 | Create | Villager (Male) |
| 4:33 | Build | Mill |
| 4:33 | Create | Villager (Male) |
| 4:34 | Create | Villager (Male) |
| 4:54 | Create | Villager (Male) |
| 4:54 | Create | Villager (Male) |
| 4:55 | Create | Villager (Male) |
| 5:25 | Create | Villager (Male) |
| 5:25 | Create | Villager (Male) |
| 5:48 | Create | Villager (Male) |
| 5:49 | Create | Villager (Male) |
| 6:35 | Research | Loom |
| 6:38 | Build | House |
| 7:09 | Research | Feudal Age |
| 7:09 | Research | Feudal Age |
| 7:24 | Build | Mining Camp |
| 8:01 | Build | Barracks |
| 8:02 | Build | House |
| 8:10 | Build | Barracks |
| 9:19 | Age | Feudal Age |
| 9:21 | Create | Villager (Male) |
| 9:24 | Build | Archery Range |
| 9:31 | Build | Archery Range |
| 9:37 | Create | Villager (Male) |
| 9:43 | Research | Double-Bit Axe |
| 9:47 | Create | Villager (Male) |
| 10:13 | Create | Villager (Male) |
| 10:19 | Build | House |
| 10:37 | Create | Archer ×3 |
| 10:37 | Create | Archer ×3 |
| 10:46 | Build | House |
| 10:48 | Create | Villager (Male) |
| 10:48 | Create | Villager (Male) |
| 10:52 | Create | Archer |
| 10:52 | Create | Archer |
| 11:10 | Build | Palisade Wall |
| 11:19 | Build | House |
| 11:22 | Build | Palisade Wall |
| 11:26 | Create | Villager (Male) |
| 11:26 | Create | Villager (Male) |
| 11:31 | Create | Archer |
| 11:31 | Create | Archer |
| 11:38 | Build | House |
| 11:43 | Build | Palisade Wall |
| 11:55 | Create | Villager (Male) |
| 11:55 | Create | Villager (Male) |
| 11:58 | Build | Blacksmith |
| 12:09 | Create | Archer |
| 12:09 | Create | Archer |
| 12:09 | Create | Archer |
| 12:16 | Create | Villager (Male) |
| 12:17 | Create | Villager (Male) |
| 12:31 | Create | Archer |
| 12:35 | Create | Villager (Male) |
| 12:36 | Create | Villager (Male) |
| 12:36 | Create | Villager (Male) |
| 12:49 | Build | Watch Tower |
| 13:01 | Research | Fletching |
| 13:01 | Research | Fletching |
| 13:37 | Create | Villager (Male) |
| 13:37 | Create | Villager (Male) |
| 13:39 | Build | Farm |
| 13:40 | Build | Farm |
| 13:41 | Build | Farm |
| 13:42 | Build | Farm |
| 14:08 | Build | House |
| 14:11 | Build | Palisade Gate |
| 14:12 | Build | Palisade Wall |
| 14:25 | Create | Archer ×2 |
| 14:25 | Create | Archer ×2 |
| 14:48 | Build | Lumber Camp |
| 14:51 | Create | Archer ×2 |
| 14:51 | Create | Archer ×2 |
| 14:53 | Create | Villager (Male) |
| 14:54 | Create | Villager (Male) |
| 15:10 | Create | Archer |
| 15:10 | Create | Archer |
| 15:18 | Create | Villager (Male) |
| 15:18 | Create | Villager (Male) |
| 15:20 | Build | Farm |
| 15:30 | Create | Archer |
| 15:30 | Create | Archer |
| 15:51 | Create | Archer ×2 |
| 15:51 | Create | Archer ×2 |
| 15:57 | Create | Villager (Male) |
| 15:59 | Build | House |
| 16:02 | Build | Palisade Wall |
| 16:20 | Create | Villager (Male) |
| 16:20 | Create | Villager (Male) |
| 16:21 | Build | Farm |
| 16:29 | Build | Farm |
| 16:33 | Build | Farm |
| 16:41 | Create | Archer ×2 |
| 17:02 | Create | Villager (Male) |
| 17:12 | Build | Farm |
| 17:13 | Build | Farm |
| 17:36 | Create | Villager (Male) |
| 17:36 | Create | Villager (Male) |
| 17:39 | Build | Farm |
| 17:55 | Create | Archer |
| 17:55 | Create | Archer ×4 |
| 17:55 | Create | Archer ×3 |
| 18:10 | Create | Villager (Male) |
| 18:10 | Create | Villager (Male) |
| 18:10 | Create | Villager (Male) |
| 18:22 | Build | House |
| 18:24 | Build | Palisade Wall |
| 18:43 | Create | Villager (Male) |
| 18:43 | Create | Archer |
| 18:44 | Create | Archer ×2 |
| 18:50 | Create | Villager (Male) |
| 18:51 | Build | Farm |
| 18:53 | Build | Farm |
| 19:00 | Research | Padded Archer Armor |
| 19:00 | Research | Padded Archer Armor |
| 19:15 | Create | Villager (Male) |
| 19:19 | Create | Villager (Male) |
| 19:19 | Create | Villager (Male) |
| 19:25 | Build | Farm |
| 19:25 | Build | Farm |
| 19:32 | Create | Archer ×3 |
| 19:39 | Build | House |
| 19:47 | Create | Villager (Male) |
| 19:47 | Create | Villager (Male) |
| 20:09 | Create | Villager (Male) |
| 20:24 | Create | Villager (Male) |
| 20:26 | Build | Farm |
| 20:26 | Build | Farm |
| 20:27 | Build | Farm |
| 21:00 | Create | Villager (Male) |
| 21:02 | Build | Market |
Build order — kitchiro
135 actions detected in the replay
| 0:00 | Create | Villager (Male) |
| 0:01 | Create | Villager (Male) |
| 0:01 | Create | Villager (Male) |
| 0:02 | Build | House |
| 0:03 | Build | House |
| 0:06 | Create | Villager (Male) |
| 1:27 | Create | Villager (Male) |
| 1:40 | Build | Mule Cart |
| 2:08 | Research | Loom |
| 2:13 | Create | Villager (Male) |
| 2:43 | Create | Villager (Male) |
| 3:01 | Create | Villager (Male) |
| 3:03 | Build | House |
| 3:04 | Build | House |
| 3:17 | Create | Villager (Male) |
| 3:17 | Create | Villager (Male) |
| 3:56 | Create | Villager (Male) |
| 3:57 | Create | Villager (Male) |
| 4:13 | Build | Mill |
| 4:18 | Create | Villager (Male) |
| 4:59 | Create | Villager (Male) |
| 5:20 | Create | Villager (Male) |
| 5:21 | Create | Villager (Male) |
| 6:54 | Research | Feudal Age |
| 7:13 | Create | Villager (Male) |
| 7:45 | Build | Barracks |
| 8:46 | Build | House |
| 9:04 | Age | Feudal Age |
| 9:08 | Build | Stable |
| 9:13 | Research | Double-Bit Axe |
| 9:20 | Create | Villager (Male) |
| 9:30 | Research | Horse Collar |
| 9:34 | Create | Villager (Male) |
| 9:57 | Create | Villager (Male) |
| 9:59 | Build | House |
| 10:06 | Build | Farm |
| 10:12 | Create | Scout Cavalry |
| 10:12 | Create | Scout Cavalry |
| 10:16 | Build | Farm |
| 10:32 | Create | Villager (Male) |
| 10:46 | Create | Scout Cavalry |
| 10:53 | Build | House |
| 11:01 | Build | Farm |
| 11:10 | Create | Villager (Male) |
| 11:12 | Build | Farm |
| 11:22 | Build | Farm |
| 11:31 | Create | Villager (Male) |
| 11:34 | Build | Farm |
| 11:42 | Build | Palisade Wall |
| 11:45 | Create | Scout Cavalry |
| 11:58 | Create | Villager (Male) |
| 12:10 | Create | Scout Cavalry |
| 12:14 | Build | Farm |
| 12:20 | Create | Villager (Male) |
| 12:34 | Build | Farm |
| 12:36 | Create | Scout Cavalry |
| 12:47 | Build | Farm |
| 12:51 | Create | Villager (Male) |
| 12:56 | Build | House |
| 12:58 | Build | Palisade Wall |
| 13:15 | Create | Scout Cavalry |
| 13:40 | Create | Villager (Male) |
| 13:43 | Build | Farm |
| 13:45 | Create | Scout Cavalry |
| 13:55 | Build | House |
| 13:57 | Create | Scout Cavalry |
| 13:58 | Create | Villager (Male) |
| 14:01 | Build | Farm |
| 14:05 | Create | Villager (Male) |
| 14:23 | Build | Farm |
| 14:43 | Create | Villager (Male) |
| 14:45 | Build | House |
| 14:48 | Create | Villager (Male) |
| 14:59 | Build | House |
| 15:10 | Build | Mule Cart |
| 15:15 | Build | House |
| 15:21 | Create | Scout Cavalry |
| 15:21 | Create | Scout Cavalry |
| 15:25 | Build | Blacksmith |
| 15:34 | Create | Villager (Male) |
| 15:40 | Build | Farm |
| 15:47 | Build | House |
| 15:50 | Build | Palisade Wall |
| 16:04 | Create | Spearman |
| 16:05 | Create | Villager (Male) |
| 16:16 | Build | House |
| 16:17 | Build | Palisade Wall |
| 16:31 | Create | Villager (Male) |
| 16:34 | Build | Farm |
| 16:47 | Create | Spearman |
| 17:02 | Create | Villager (Male) |
| 17:03 | Create | Scout Cavalry |
| 17:08 | Build | Farm |
| 17:21 | Research | Forging |
| 17:22 | Research | Scale Barding Armor |
| 17:32 | Create | Villager (Male) |
| 17:37 | Create | Villager (Male) |
| 17:41 | Build | House |
| 17:42 | Build | House |
| 17:50 | Create | Villager (Male) |
| 18:09 | Build | Farm |
| 18:14 | Research | Bloodlines |
| 18:15 | Research | Bloodlines |
| 18:20 | Build | Farm |
| 18:35 | Build | House |
| 18:45 | Build | Farm |
| 18:48 | Create | Villager (Male) |
| 19:06 | Create | Scout Cavalry |
| 19:07 | Create | Villager (Male) |
| 19:23 | Build | Mule Cart |
| 19:29 | Build | House |
| 19:34 | Create | Villager (Male) |
| 19:38 | Build | Farm |
| 19:40 | Create | Villager (Male) |
| 19:49 | Research | Wheelbarrow |
| 20:17 | Build | Stable |
| 20:19 | Build | Palisade Wall |
| 20:31 | Build | Farm |
| 20:33 | Create | Villager (Male) |
| 20:36 | Build | Farm |
| 21:30 | Build | Market |
| 21:31 | Build | House |
| 21:39 | Build | Farm |
| 21:42 | Create | Villager (Male) |
| 21:57 | Research | Castle Age |
| 21:57 | Research | Castle Age |
| 22:16 | Research | Gold Mining |
| 22:17 | Research | Gold Mining |
| 22:30 | Create | Scout Cavalry |
| 22:38 | Create | Scout Cavalry |
| 22:38 | Create | Scout Cavalry |
| 22:52 | Create | Scout Cavalry |
| 22:52 | Create | Scout Cavalry |
| 23:04 | Create | Scout Cavalry |
| 23:05 | Create | Scout Cavalry |
Build order — Diabo38
150 actions detected in the replay
| 0:01 | Create | Villager (Male) |
| 0:01 | Create | Villager (Male) |
| 0:02 | Build | House |
| 0:04 | Build | House |
| 0:04 | Create | Villager (Male) |
| 0:04 | Create | Villager (Male) |
| 1:27 | Create | Villager (Male) |
| 1:28 | Create | Villager (Male) |
| 1:42 | Create | Villager (Male) |
| 1:42 | Create | Villager (Male) |
| 2:02 | Build | Lumber Camp |
| 2:08 | Create | Villager (Male) |
| 2:49 | Create | Villager (Male) |
| 2:49 | Create | Villager (Male) |
| 3:17 | Create | Villager (Male) |
| 3:18 | Create | Villager (Male) |
| 3:18 | Create | Villager (Male) |
| 3:18 | Create | Villager (Male) |
| 3:42 | Build | House |
| 4:04 | Create | Villager (Male) |
| 4:04 | Create | Villager (Male) |
| 4:04 | Create | Villager (Male) |
| 4:08 | Build | Mill |
| 4:46 | Create | Villager (Male) |
| 4:46 | Create | Villager (Male) |
| 4:47 | Create | Villager (Male) |
| 5:04 | Create | Villager (Male) |
| 5:18 | Create | Villager (Male) |
| 5:19 | Create | Villager (Male) |
| 5:36 | Create | Villager (Male) |
| 5:37 | Create | Villager (Male) |
| 6:03 | Create | Villager (Male) |
| 6:04 | Create | Villager (Male) |
| 6:12 | Create | Villager (Male) |
| 6:42 | Create | Villager (Male) |
| 6:42 | Create | Villager (Male) |
| 6:43 | Create | Villager (Male) |
| 7:23 | Build | House |
| 7:28 | Research | Loom |
| 7:44 | Create | Villager (Male) |
| 8:02 | Build | Barracks |
| 8:05 | Create | Villager (Male) |
| 8:05 | Create | Villager (Male) |
| 8:24 | Research | Feudal Age |
| 8:37 | Build | House |
| 8:54 | Build | Lumber Camp |
| 9:15 | Create | Villager (Male) |
| 9:37 | Create | Villager (Male) |
| 10:01 | Age | Feudal Age |
| 10:16 | Build | Stable |
| 10:33 | Research | Horse Collar |
| 10:33 | Research | Horse Collar |
| 10:43 | Create | Villager (Male) |
| 10:51 | Create | Scout Cavalry |
| 10:52 | Create | Scout Cavalry |
| 10:52 | Create | Scout Cavalry |
| 10:52 | Create | Scout Cavalry |
| 10:52 | Create | Scout Cavalry |
| 11:23 | Create | Villager (Male) |
| 11:29 | Build | Blacksmith |
| 11:31 | Research | Double-Bit Axe |
| 11:31 | Research | Double-Bit Axe |
| 11:44 | Build | House |
| 11:51 | Create | Villager (Male) |
| 12:20 | Create | Villager (Male) |
| 12:41 | Build | Farm |
| 12:41 | Build | Farm |
| 12:41 | Build | Farm |
| 12:42 | Build | Farm |
| 12:42 | Build | Farm |
| 12:42 | Build | Farm |
| 12:42 | Build | Farm |
| 12:48 | Research | Scale Barding Armor |
| 13:02 | Build | House |
| 13:03 | Build | Palisade Wall |
| 13:05 | Build | Palisade Wall |
| 13:07 | Build | Palisade Wall |
| 13:08 | Build | Palisade Wall |
| 13:19 | Create | Villager (Male) |
| 13:22 | Build | Farm |
| 13:22 | Build | Farm |
| 13:22 | Build | Farm |
| 13:22 | Build | Farm |
| 13:23 | Build | Farm |
| 13:23 | Build | Farm |
| 13:52 | Create | Scout Cavalry |
| 13:59 | Build | Farm |
| 13:59 | Build | Farm |
| 14:00 | Build | Farm |
| 14:00 | Build | Farm |
| 14:00 | Build | Farm |
| 14:01 | Create | Villager (Male) |
| 14:40 | Create | Scout Cavalry |
| 14:48 | Build | Farm |
| 14:48 | Build | Farm |
| 14:48 | Build | Farm |
| 14:49 | Build | Farm |
| 14:49 | Build | Farm |
| 14:49 | Build | Farm |
| 14:54 | Create | Scout Cavalry |
| 14:54 | Create | Scout Cavalry |
| 15:07 | Build | Farm |
| 15:08 | Create | Villager (Male) |
| 15:16 | Build | Farm |
| 15:17 | Create | Scout Cavalry |
| 15:18 | Create | Scout Cavalry |
| 15:35 | Create | Villager (Male) |
| 15:41 | Build | Palisade Wall |
| 15:43 | Build | Palisade Wall |
| 15:45 | Create | Villager (Male) |
| 15:50 | Build | Mining Camp |
| 15:57 | Create | Villager (Male) |
| 16:01 | Create | Scout Cavalry |
| 16:01 | Create | Scout Cavalry |
| 16:37 | Build | Watch Tower |
| 16:47 | Research | Forging |
| 16:47 | Research | Forging |
| 16:47 | Research | Forging |
| 16:55 | Create | Villager (Male) |
| 17:14 | Create | Scout Cavalry |
| 17:34 | Build | Farm |
| 17:34 | Build | Farm |
| 17:35 | Build | Farm |
| 17:35 | Build | Farm |
| 17:52 | Create | Villager (Male) |
| 18:24 | Create | Villager (Male) |
| 18:59 | Create | Villager (Male) |
| 19:02 | Build | Stable |
| 19:07 | Create | Villager (Male) |
| 19:17 | Create | Scout Cavalry |
| 19:22 | Build | House |
| 19:25 | Create | Villager (Male) |
| 19:39 | Build | Farm |
| 19:40 | Build | Farm |
| 19:43 | Build | Farm |
| 19:44 | Create | Villager (Male) |
| 19:50 | Build | House |
| 19:51 | Build | House |
| 20:13 | Build | Farm |
| 20:13 | Build | Farm |
| 20:14 | Build | Farm |
| 20:18 | Create | Villager (Male) |
| 21:08 | Build | Farm |
| 21:09 | Build | Farm |
| 21:20 | Build | Stable |
| 21:25 | Build | Palisade Wall |
| 21:48 | Research | Castle Age |
| 21:48 | Research | Castle Age |
| 22:06 | Build | Palisade Wall |
| 22:10 | Research | Gold Mining |
Match timeline
| 7:17 | Mooz · first_building Barracks |
| 7:45 | kitchiro · first_building Barracks |
| 7:49 | J_ · first_building Barracks |
| 7:55 | Mooz · wall_segment Palisade Wall x5 |
| 7:55 | Tiger · first_building Barracks |
| 7:58 | Tiger · wall_segment Palisade Wall x1 |
| 8:01 | JuTT · first_building Barracks |
| 8:02 | Diabo38 · first_building Barracks |
| 8:06 | Ice · first_building Barracks |
| 8:09 | helicol · first_building Barracks |
| 8:27 | Mooz · age_up feudal |
| 8:28 | Mooz · first_building Archery Range |
| 8:49 | helicol · wall_segment Palisade Wall x1 |
| 8:51 | Tiger · age_up feudal |
| 9:00 | Ice · age_up feudal |
| 9:03 | helicol · age_up feudal |
| 9:04 | kitchiro · age_up feudal |
| 9:08 | kitchiro · first_building Stable |
| 9:09 | Ice · first_building Archery Range |
| 9:10 | Tiger · first_building Stable |
| 9:10 | helicol · first_building Stable |
| 9:18 | J_ · age_up feudal |
| 9:19 | JuTT · age_up feudal |
| 9:21 | J_ · first_building Stable |
| 9:24 | JuTT · first_building Archery Range |
| 9:25 | helicol · wall_segment Palisade Wall x9 |
| 10:01 | Diabo38 · age_up feudal |
| 10:03 | J_ · wall_segment Palisade Wall x9 |
| 10:16 | Diabo38 · first_building Stable |
| 10:27 | J_ · wall_segment Palisade Wall x11 |
| 10:27 | helicol · wall_segment Palisade Wall x11 |
| 10:46 | Ice · wall_segment Palisade Wall x4 |
| 10:53 | Mooz · wall_segment Palisade Wall x1 |
| 10:53 | Tiger · wall_segment Palisade Wall x3 |
| 10:53 | Mooz · wall_segment Palisade Wall x1 |
| 10:59 | Tiger · wall_segment Palisade Wall x8 |
| 11:10 | JuTT · wall_segment Palisade Wall x1 |
| 11:14 | Tiger · wall_segment Palisade Wall x9 |
| 11:22 | JuTT · wall_segment Palisade Wall x7 |
| 11:42 | kitchiro · wall_segment Palisade Wall x6 |
| 11:43 | JuTT · wall_segment Palisade Wall x15 |
| 12:15 | J_ · wall_segment Palisade Wall x6 |
| 12:18 | Mooz · wall_segment Palisade Wall x5 |
| 12:38 | helicol · wall_segment Palisade Wall x4 |
| 12:41 | helicol · wall_segment Palisade Wall x12 |
| 12:58 | Tiger · wall_segment Palisade Wall x3 |
| 12:58 | kitchiro · wall_segment Palisade Wall x6 |
| 13:03 | Diabo38 · wall_segment Palisade Wall x4 |
| 13:05 | Diabo38 · wall_segment Palisade Wall x3 |
| 13:07 | Diabo38 · wall_segment Palisade Wall x3 |
| 13:08 | Diabo38 · wall_segment Palisade Wall x1 |
| 13:34 | Mooz · wall_segment Palisade Wall x4 |
| 13:51 | Tiger · wall_segment Palisade Wall x7 |
| 14:11 | Mooz · wall_segment Palisade Wall x11 |
| 14:12 | J_ · wall_segment Palisade Wall x8 |
| 14:12 | JuTT · wall_segment Palisade Wall x1 |
| 14:15 | helicol · wall_segment Palisade Wall x6 |
| 14:21 | J_ · wall_segment Palisade Wall x10 |
| 14:44 | J_ · wall_segment Palisade Wall x7 |
| 14:57 | Tiger · wall_segment Palisade Wall x4 |
| 14:58 | Mooz · wall_segment Palisade Wall x4 |
| 15:03 | Ice · wall_segment Palisade Wall x1 |
| 15:07 | Ice · wall_segment Palisade Wall x14 |
| 15:23 | Tiger · wall_segment Palisade Wall x3 |
| 15:41 | Diabo38 · wall_segment Palisade Wall x1 |
| 15:43 | Diabo38 · wall_segment Palisade Wall x3 |
| 15:50 | kitchiro · wall_segment Palisade Wall x8 |
| 16:02 | Ice · wall_segment Palisade Wall x5 |
| 16:02 | JuTT · wall_segment Palisade Wall x17 |
| 16:04 | Ice · wall_segment Palisade Wall x9 |
| 16:13 | Ice · wall_segment Palisade Wall x1 |
| 16:17 | kitchiro · wall_segment Palisade Wall x5 |
| 16:17 | Ice · wall_segment Palisade Wall x1 |
| 17:08 | helicol · wall_segment Palisade Wall x7 |
| 17:41 | Mooz · wall_segment Palisade Wall x1 |
| 18:06 | Tiger · wall_segment Palisade Wall x1 |
| 18:24 | JuTT · wall_segment Palisade Wall x1 |
| 18:46 | Mooz · first_market_buy 100 food |
| 19:47 | Ice · first_market_sell 100 wood |
| 19:49 | Ice · first_market_buy 100 food |
| 20:07 | Tiger · wall_segment Palisade Wall x1 |
| 20:09 | Tiger · wall_segment Palisade Wall x1 |
| 20:19 | kitchiro · wall_segment Palisade Wall x1 |
| 20:42 | Tiger · wall_segment Palisade Wall x1 |
| 21:07 | J_ · first_market_buy 100 food |
| 21:15 | helicol · wall_segment Palisade Wall x1 |
| 21:25 | Diabo38 · wall_segment Palisade Wall x7 |
| 21:31 | Mooz · age_up castle |
| 21:36 | Mooz · first_market_sell 100 wood |
| 21:53 | Tiger · first_market_sell 100 wood |
| 22:06 | Diabo38 · wall_segment Palisade Wall x9 |
| 22:21 | JuTT · first_market_buy 100 food |
| 22:24 | JuTT · first_market_sell 100 wood |
| 22:36 | Ice · age_up castle |
| 22:47 | JuTT · resign |
| 23:06 | helicol · age_up castle |
[ AI ANALYSIS · 1 CREDIT ]
What really happened in this match?
Wolo.gg analyzes every decision: build order, eco, micro, common mistakes by bracket. Personalized analysis on WhatsApp or Discord in 30 seconds.
Civ guide
Chinese
Perfil
Jugador #944217